 Dungeon Crawl Stone Soup version 0.22.0-40-g68aacdc (webtiles) character file.

8547 Lavandula the Cleaver (level 11, -8/95 HPs)
             Began as a Centaur Berserker on Sept 2, 2018.
             Was an Elder of Trog.
             Mangled by a hornet (11 damage)
             ... while paralysed by a hornet
             ... on level 10 of the Dungeon.
             The game lasted 00:27:55 (4785 turns).

Lavandula the Cleaver (Centaur Berserker)           Turns: 4785, Time: 00:27:56

Health: -8/95      AC:  8    Str: 23    XL:     11   Next: 11%
Magic:  11/11      EV:  1    Int:  6    God:    Trog [****..]
Gold:   97         SH:  0    Dex: 11    Spells: 10/10 levels left

rFire    + . .     SeeInvis +   x - +2 hand axe (elec)
rCold    + . .     Gourm    .   (no shield)
rNeg     + . .     Faith    .   Q - +2 robe
rPois    .         Spirit   .   n - +2 hat
rElec    .         Reflect  .   p - scarf {rC+ rF+}
rCorr    .         Harm     .   (no gloves)
MR       .....     Rnd*Tele +   (no barding)
Stlth    +.........             I - amulet of rage
HPRegen  0.25/turn              F - ring of see invisible
MPRegen  0.12/turn              L - ring of positive energy

@: paralysed, lethally poisoned (-8 -> -30), about to teleport, slowed, drained,
very quick
A: large, hooves 3, large bone plates 1, thin skeletal structure 1, deformed
body, speed 2, low mp 1, teleportitis 1, tough skin 3
a: Berserk, Trog's Hand, Brothers in Arms, Renounce Religion, Evoke Berserk Rage


You were on level 10 of the Dungeon.
You worshipped Trog.
Trog was greatly pleased with you.
You were not hungry.

You visited 2 branches of the dungeon, and saw 13 of its levels.

You collected 613 gold pieces.
You spent 516 gold pieces at shops.

Inventory:

Hand Weapons
 x - a +2 hand axe of electrocution (weapon)
 B - a +0 blowgun
Missiles
 y - 17 curare-tipped needles
 J - 10 javelins of returning (quivered)
Armour
 b - a +0 animal skin
 m - a +0 ring mail
 n - a +2 hat (worn)
 p - a scarf of resistance (worn)
 Q - a +2 robe (worn)
Magical Staves
 H - an uncursed staff of wizardry
Jewellery
 F - a ring of see invisible (left hand)
 I - an amulet of rage (around neck)
 L - a ring of positive energy (right hand)
 M - an uncursed amulet of magic regeneration
Wands
 C - a wand of flame (36)
 O - a wand of iceblast (7)
Scrolls
 a - a scroll of immolation {unknown}
 e - 2 scrolls of amnesia {unknown}
 f - 2 scrolls of remove curse
 j - 2 scrolls of magic mapping {unknown}
 k - 2 scrolls of teleportation
 o - 4 scrolls of blinking {unknown}
 q - a scroll of enchant weapon {unknown}
 s - 2 scrolls of random uselessness {unknown}
 u - 2 scrolls of fog {unknown}
 w - a scroll of noise {unknown}
 E - 4 scrolls of fear
 G - a scroll of enchant armour
 P - a scroll of vulnerability
Potions
 d - 4 potions of curing
 g - 3 potions of degeneration {unknown}
 h - 2 potions of haste {unknown}
 i - 3 potions of brilliance {unknown}
 l - 3 potions of lignification
 r - 4 potions of heal wounds
 t - 3 potions of cancellation {unknown}
 v - a potion of flight {unknown}
 z - a potion of might {unknown}
 A - 2 potions of invisibility {unknown}
 D - a potion of berserk rage {unknown}
 N - a potion of ambrosia {unknown}
 R - a potion of agility {unknown}
Miscellaneous
 K - a phial of floods (inert)
Comestibles
 c - 6 rations
 S - 3 chunks of flesh


   Skills:
 - Level 8.3 Fighting
 - Level 12.0 Axes
 + Level 6.6 Throwing
 - Level 1.3 Armour
 - Level 4.0(3.9) Dodging
 - Level 2.2 Evocations


You had 10 spell levels left.
You didn't know any spells.
Your spell library contained the following spells:

 Spells                   Type           Power        Failure   Level  Hunger
 Freeze                   Ice            #...         45%         1    ##.....
 Throw Frost              Conj/Ice       #.....       58%         2    ###....
 Ozocubu's Armour         Chrm/Ice       #.......     83%         3    ####...
 Summon Ice Beast         Ice/Summ       #.......     99%         4    #####..
 Throw Icicle             Conj/Ice       #.......     99%         4    #####..


Dungeon Overview and Level Annotations

Branches:
Dungeon (12/15)            Temple (1/1) D:7            Lair (0/6) D:9
    Orc: D:9-12

Altars:
Cheibriados
Elyvilon
Gozag
Nemelex Xobeh
Okawaru
Qazlal
Trog
The Shining One

Shops:
D:10 *   D:11 %


Innate Abilities, Weirdness & Mutations

You have hooves in place of feet.
Armour fits poorly on your strangely shaped body.
You cover ground very quickly.
You have extremely tough skin. (AC +3)
You are partially covered in large bone plates. (SH +4)
You have a somewhat thin skeletal structure. (Dex +2, Stealth)
Your magical capacity is low. (-10% MP)
You are occasionally teleported next to monsters.


Message History

As you read the scroll of teleportation, it crumbles to dust.
You feel strangely unstable. The hornet stings you!
* * * LOW HITPOINT WARNING * * *
You are poisoned.
You feel as though you will be slow longer.
The hornet stings you.
* * * LOW HITPOINT WARNING * * *
You are lethally poisoned!
You suddenly lose the ability to move!
* * * LOW HITPOINT WARNING * * *
You feel sick.
The hornet stings you but does no damage.
The hornet stings you.
* * * LOW HITPOINT WARNING * * *
You are more poisoned.
You feel as though you will be slow longer.
* * * LOW HITPOINT WARNING * * *
You feel very sick. The hornet stings you!
You die...

...######.# ###......(#.....##
..........# #...))(...'.......
..........######[).))(..##.......
..........'...)+...)))..''.......
.......W5.######........##.......
..........#### ####.######.......
.......####a#.# #.#.## #.......
....... #a#y##.#..# #.......
....... #.#y@..#.# #(......
...o... #a##..#.# #.......
##W#... ####..#.# #.......
#.o#... ##.#.# ######## '. #...
#.#.# #)#.# #.#.# #)#.# #)#.#


You could see a soldier ant and 2 hornets.

Vanquished Creatures
  A fire giant (D:10)
  The ghost of Verendum the Insei, a novice OpTm of Elyvilon (D:6)
  The ghost of Paps the Covert, a novice OpAs (D:5)
  2 centaur skeletons (D:10)
  A hippogriff (D:10)
  2 wyverns (D:9)
  Menkaure (D:4)
  A hungry ghost (D:10)
  A soldier ant (D:11)
  A water moccasin (D:10)
  4 orc warriors
  3 ice beasts
  A sky beast (D:6)
  A necrophage (D:7)
  2 ogres
  A crocodile (D:8)
  2 centaurs
  A big kobold (D:10)
  8 bullfrogs
  A wyvern zombie (D:7)
  A water moccasin zombie (D:8)
  2 scorpions
  3 wights (D:10)
  7 howler monkeys
  A crimson imp (D:8)
  3 centaur zombies
  5 hounds
  3 jellies
  5 orc priests
  9 orc wizards
  A bullfrog skeleton (D:5)
  2 iguanas
  4 worker ants
  2 hound zombies
  The ghost of dscm the Chopper, a weakling DsGl (D:3)
  A howler monkey skeleton (D:7)
  5 gnolls (D:6)
  18 adders
  A hound simulacrum (D:10)
  A shadow imp (D:7)
  An ooze (D:1)
  2 worms
  3 dart slugs
  5 leopard geckos
  27 orcs
  4 giant cockroaches
  3 goblins
  6 hobgoblins
  6 jackals
  2 quokkas
  A ball python (D:2)
  3 bats
  4 frilled lizards
  17 kobolds
  2 quokka skeletons (D:7)
  5 rats
202 creatures vanquished.

Vanquished Creatures (collateral kills)
  A fire dragon (D:9)
  The ghost of Slumpfather the Carver, a novice DsAK of Lugonu (D:10)
  Psyche (D:11)
  2 ogres
  A jelly (D:9)
6 creatures vanquished.

Vanquished Creatures (others)
  A goblin (D:1)
1 creature vanquished.

Grand Total: 209 creatures vanquished

Notes
Turn   | Place    | Note
-------+----------+-------------------------------------------
     0 | D:1      | Lavandula the Centaur Berserker began the quest for the Orb.
     0 | D:1      | Reached XP level 1. HP: 19/19 MP: 1/1
    13 | D:1      | Reached skill level 3 in Axes
    48 | D:1      | Reached XP level 2. HP: 8/26 MP: 2/2
   133 | D:2      | Reached skill level 4 in Axes
   133 | D:2      | Reached XP level 3. HP: 10/31 MP: 3/3
   628 | D:3      | Found a glowing golden altar of the Shining One.
   656 | D:3      | Found a sparkling altar of Nemelex Xobeh.
   691 | D:3      | Reached ** piety under Trog
   810 | D:3      | Reached XP level 4. HP: 37/38 MP: 4/4
   915 | D:3      | Reached skill level 5 in Axes
   955 | D:3      | Noticed dscm's ghost (weakling DsGl)
   960 | D:3      | Found a runed door.
  1119 | D:3      | Killed dscm's ghost
  1125 | D:3      | Reached XP level 5. HP: 45/45 MP: 5/5
  1181 | D:4      | Noticed an ogre
  1194 | D:4      | Killed an ogre
  1196 | D:4      | Reached skill level 6 in Axes
  1233 | D:4      | Reached XP level 6. HP: 37/51 MP: 6/6
  1290 | D:4      | Noticed Menkaure
  1301 | D:4      | Killed Menkaure
  1301 | D:4      | Reached skill level 7 in Axes
  1357 | D:5      | Entered Level 5 of the Dungeon
  1489 | D:4      | Found a faded altar of an unknown god.
  1489 | D:4      | Found a snail-covered altar of Cheibriados.
  1630 | D:5      | Reached XP level 7. HP: 52/57 MP: 7/7
  1715 | D:5      | Gained mutation: You are agile. (Dex +2) [potion of mutation]
  1715 | D:5      | Gained mutation: Your magical capacity is low. (-10% MP) [potion of mutation]
  1715 | D:5      | Gained mutation: Your body sometimes deteriorates upon taking damage. [potion of mutation]
  1715 | D:5      | Gained mutation: Your mind is acute. (Int +2) [potion of mutation]
  1716 | D:5      | Lost mutation: Your mind is acute. (Int +2) [potion of mutation]
  1716 | D:5      | Lost mutation: Your body sometimes deteriorates upon taking damage. [potion of mutation]
  1716 | D:5      | Lost mutation: You are agile. (Dex +2) [potion of mutation]
  1716 | D:5      | Gained mutation: You have a somewhat thin skeletal structure. (Dex +2, Stealth) [potion of mutation]
  1716 | D:5      | Gained mutation: You are occasionally teleported next to monsters. [potion of mutation]
  1716 | D:5      | Gained mutation: You are partially covered in large bone plates. (SH +4) [potion of mutation]
  1824 | D:5      | Found a sparkling altar of Nemelex Xobeh.
  1915 | D:5      | Found a runed gate.
  1925 | D:5      | Found a runed gate.
  1925 | D:5      | Noticed Paps's ghost (novice OpAs)
  1926 | D:5      | Found a runed gate.
  1934 | D:5      | Reached *** piety under Trog
  1937 | D:5      | Reached skill level 8 in Axes
  1937 | D:5      | Killed Paps's ghost
  1937 | D:5      | Reached skill level 9 in Axes
  1937 | D:5      | Reached XP level 8. HP: 48/63 MP: 7/7
  2059 | D:6      | Found an iron altar of Okawaru.
  2060 | D:6      | Found a bloodstained altar of Trog.
  2326 | D:6      | Found a white marble altar of Elyvilon.
  2416 | D:6      | Reached skill level 5 in Fighting
  2423 | D:6      | Found a runed door.
  2427 | D:6      | Noticed Verendum's ghost (novice OpTm)
  2441 | D:6      | Killed Verendum's ghost
  2441 | D:6      | Reached XP level 9. HP: 74/74 MP: 8/8
  2544 | D:6      | Reached skill level 10 in Axes
  2561 | D:7      | Reached **** piety under Trog
  2577 | D:7      | Found a staircase to the Ecumenical Temple.
  2828 | Temple   | Entered the Ecumenical Temple
  2847 | D:8      | Reached skill level 11 in Axes
  3223 | D:9      | Reached ***** piety under Trog
  3243 | D:10     | Entered Level 10 of the Dungeon
  3322 | D:9      | Noticed a fire dragon
  3341 | D:9      | Killed a fire dragon
  3341 | D:9      | Reached skill level 12 in Axes
  3341 | D:9      | Reached XP level 10. HP: 40/81 MP: 9/9
  3351 | D:9      | Found a staircase to the Lair.
  3678 | D:10     | Found a runed gate.
  3678 | D:10     | Found a runed gate.
  3678 | D:10     | Found a runed gate.
  3678 | D:10     | Found an opulent altar of Gozag.
  3706 | D:10     | Found Codoboufa's Assorted Antiques.
  3706 | D:10     | Noticed Slumpfather's ghost (novice DsAK)
  3706 | D:10     | Noticed a fire giant
  3911 | D:11     | Noticed Psyche
  3922 | D:11     | Killed Psyche
  4117 | D:11     | Found Meloekk's Food Emporium.
  4418 | D:10     | Received a gift from Trog
  4474 | D:10     | Killed Slumpfather's ghost
  4501 | D:10     | Killed a fire giant
  4501 | D:10     | Reached skill level 5 in Throwing
  4501 | D:10     | Reached XP level 11. HP: 24/95 MP: 11/11
  4655 | D:10     | Bought a runed hat for 231 gold pieces
  4655 | D:10     | Bought a black potion for 29 gold pieces
  4655 | D:10     | Bought an amethyst potion for 29 gold pieces
  4655 | D:10     | Bought a scroll labeled LIG HIMALAOSA for 33 gold pieces
  4655 | D:10     | Bought a black potion for 29 gold pieces
  4655 | D:10     | Bought a glowing amethyst amulet for 165 gold pieces
  4774 | D:10     | Paralysed by a hornet for 3 turns
  4783 | D:10     | Paralysed by a hornet for 3 turns
  4785 | D:10     | HP: 3/95 [poisoned by a hornet]
  4785 | D:10     | Mangled by a hornet

Skill      XL: |  1  2  3  4  5  6  7  8  9 10 11 |
---------------+----------------------------------+-----
Axes           | 3 4 5 6 7 9 12 | 12.0
Fighting       | 5 8 |  8.3
Dodging        | 4 |  4.0
Throwing       | 5 6 |  6.6
Evocations     | 2 |  2.2
Armour         | |  1.3

Action                   |  1- 3 |  4- 6 |  7- 9 | 10-12 || total
-------------------------+-------+-------+-------+-------++-------
Melee: Hand axe          |    67 |    63 |   204 |   102 ||   436
       Kick              |     9 |    16 |    42 |    30 ||    97
 Fire: Blowgun           |       |       |     2 |     9 ||    11
Throw: Tomahawk          |       |       |     3 |       ||     3
       Javelin           |       |       |       |     4 ||     4
Invok: Berserk           |     3 |     5 |     6 |     3 ||    17
       Brothers in Arms  |       |       |     1 |     3 ||     4
       Trog's Hand       |       |       |     1 |     2 ||     3
Evoke: Phial of floods   |       |       |       |     1 ||     1
  Use: Scroll            |       |     1 |     6 |     5 ||    12
       Potion            |       |       |     2 |     3 ||     5
  Eat: Chunk             |     2 |     6 |    10 |     6 ||    24
       Ration            |       |       |       |     1 ||     1
Armor: Animal skin       |    14 |       |       |       ||    14
       Ring mail         |     7 |    19 |    31 |    12 ||    69
       Robe              |       |       |       |     6 ||     6
Dodge: Dodged            |    36 |    40 |    64 |    43 ||   183
Block: Other             |       |       |    25 |     9 ||    34
